 Dungeon Crawl Stone Soup version 0.24.0-13-gcf9b319 (webtiles) character file.

Game seed: 16725477258469466968, levelgen mode: deterministic

3942 Fang the Fighter (level 10, 0/65 HPs)
             Began as a Gargoyle Berserker on Nov 13, 2019.
             Was an Elder of Trog.
             Killed by divine providence
             ... invoked by an orc priest
              (9 damage)
             ... on level 8 of the Dungeon.
             The game lasted 00:06:39 (7574 turns).

Fang the Fighter (Gargoyle Berserker)               Turns: 7574, Time: 00:06:40

Health: 0/65       AC: 20    Str: 24    XL:     10   Next: 21%
Magic:  10/10      EV:  9    Int:  8    God:    Trog [****..]
Gold:   352        SH:  0    Dex:  9    Spells: 9/9 levels left

rFire    . . .     SeeInvis .   t - +0 war axe (flame)
rCold    . . .     Gourm    +   (no shield)
rNeg     + . .     Faith    .   b - +0 plate armour
rPois    ∞         Spirit   .   (no helmet)
rElec    +         Reflect  .   (no cloak)
rCorr    .         Harm     .   (no gloves)
MR       .....                  (no boots)
Stlth    ..........             D - amulet of the gourmand
HPRegen  0.20/turn              (no ring)
MPRegen  0.12/turn              (no ring)

@: berserk cooldown, slowed, very slow
A: negative energy resistance 1, electricity resistance, unbreathing,
petrification resistance, rot immunity, AC +7
a: Berserk, Trog's Hand, Brothers in Arms, Renounce Religion


You were on level 8 of the Dungeon.
You worshipped Trog.
Trog was greatly pleased with you.
You were very full.

You visited 2 branches of the dungeon, and saw 9 of its levels.

You collected 451 gold pieces.
You spent 99 gold pieces at shops.

Inventory:

Hand Weapons
 a - a +0 broad axe
 t - a +0 war axe of flaming (weapon)
Armour
 b - a +0 plate armour (worn)
Jewellery
 D - an amulet of the gourmand (around neck)
Wands
 s - a wand of iceblast (14)
 u - a wand of clouds (7)
 E - a wand of flame (11)
Scrolls
 d - a scroll of noise {unknown}
 h - 4 scrolls of immolation {unknown}
 i - 7 scrolls of identify {unknown}
 k - 3 scrolls of magic mapping {unknown}
 l - 7 scrolls of teleportation {unknown}
 m - 2 scrolls of fear {unknown}
 n - a scroll of enchant weapon {unknown}
 v - 4 scrolls of enchant armour {unknown}
 y - 2 scrolls of blinking {unknown}
 z - 4 scrolls of remove curse {unknown}
 C - a scroll of random uselessness {unknown}
 F - a scroll of amnesia {unknown}
Potions
 e - a potion of degeneration {unknown}
 f - a potion of haste {unknown}
 g - 3 potions of might {unknown}
 j - 4 potions of mutation {unknown}
 o - a potion of flight {unknown}
 p - 2 potions of ambrosia {unknown}
 q - 4 potions of curing {unknown}
 r - 2 potions of lignification {unknown}
 w - a potion of magic {unknown}
 x - a potion of agility {unknown}
 A - a potion of heal wounds {unknown}
Comestibles
 c - 24 rations


   Skills:
 + Level 8.7 Fighting
 + Level 7.1 Axes
 + Level 8.1 Armour
 + Level 6.2 Dodging


You had 9 spell levels left.
You didn't know any spells.
Your spell library was empty.

Dungeon Overview and Level Annotations

Branches:
Dungeon (8/15)             Temple (1/1) D:7
   Lair: D:8-11

Altars:
Ashenzari
Cheibriados
Dithmenos
Gozag
Hepliaklqana
Makhleb
Qazlal
Ru
Uskayaw
Wu Jian
Xom
Yredelemnul
Zin

Shops:
D:4 *


Innate Abilities, Weirdness & Mutations

You are resistant to torment.
Your stone body is resilient. (AC +7)
You are immune to poison.
You resist negative energy. (rN+)
You are resistant to electric shocks. (rElec)
You can survive without breathing.
You are immune to petrification.
You are immune to rotting.


Message History

The wolf bites you but does no damage. The wolf bites you.
The wolf bites you but does no damage.
You barely miss the wolf.
The wolf is moderately wounded.
The wolf closely misses you. The wolf bites you but does no damage.
The wolf barely misses you.
You closely miss the wolf.
The wolf is moderately wounded.
The wolf barely misses you. The wolf bites you. The wolf completely misses you.
The orc priest calls down the wrath of Beogh upon you.
Beogh smites you!
* * * LOW HITPOINT WARNING * * *
You slash the wolf! You burn the wolf.
The wolf is almost dead.
The wolf bites you but does no damage. The wolf bites you.
* * * LOW HITPOINT WARNING * * *
The wolf barely misses you.
The orc priest mumbles some strange prayers to Beogh against you.
Beogh smites you!
You die...

...........# ##.....#
#.........# #......#
#..%......# ###.#..##
##....)....####...##..##
..>...†.....##.....##..##
###.........#.......##...
#.......#.###.....##....
#..####.#.<###....##....
... #@##.# #######.... .#
#h##.###.# #....
.##o##..##.### #....
....n....##...###....
..###.....###........
##...............
###...............
...........#...... .
###...........##..


You could see a necrophage, a wolf and an orc priest.

Vanquished Creatures
  The ghost of lampshaded the Carver, a novice MiFi of Okawaru (D:7)
  A wyvern (D:7)
  2 orc warriors
  2 sky beasts
  An ice beast (D:8)
  5 ogres
  2 wolves (D:8)
  4 centaurs
  Blork the orc (D:5)
  2 big kobolds (D:7)
  6 bullfrogs
  A wyvern skeleton (D:7)
  A scorpion (D:7)
  2 howler monkeys (D:8)
  2 electric eels (D:7)
  2 crimson imps
  A quasit (D:7)
  A wyvern simulacrum (D:8)
  3 orc priests
  2 hounds
  4 jellies
  2 bullfrog skeletons
  6 orc wizards
  Terence (D:2)
  4 iguanas
  A worker ant (D:5)
  A killer bee zombie (D:8)
  A worker ant zombie (D:7)
  A howler monkey skeleton (D:7)
  11 gnolls
  9 adders
  An adder skeleton (D:5)
  2 worms (D:2)
  5 dart slugs
  5 leopard geckos
  29 orcs
  10 bats
  5 giant cockroaches
  13 goblins
  14 hobgoblins
  9 jackals
  5 quokkas
  3 ball pythons
  8 frilled lizards
  16 kobolds
  2 leopard gecko skeletons
  8 rats
218 creatures vanquished.

Vanquished Creatures (collateral kills)
  An orc warrior (D:6)
  A centaur (D:6)
  An orc wizard (D:6)
  An orc (D:6)
4 creatures vanquished.

Grand Total: 222 creatures vanquished

Notes
Turn   | Place    | Note
-------+----------+-------------------------------------------
     0 | D:1      | Fang the Gargoyle Berserker began the quest for the Orb.
     0 | D:1      | Reached XP level 1. HP: 14/14 MP: 1/1
   190 | D:1      | Reached XP level 2. HP: 14/19 MP: 2/2
   493 | D:1      | Reached XP level 3. HP: 9/24 MP: 3/3
   694 | D:1      | Reached ** piety under Trog
  1163 | D:2      | Noticed Terence
  1172 | D:2      | Killed Terence
  1172 | D:2      | Reached XP level 4. HP: 26/29 MP: 4/4
  1374 | D:2      | Reached XP level 5. HP: 21/33 MP: 5/5
  1826 | D:2      | Reached *** piety under Trog
  2431 | D:3      | Reached XP level 6. HP: 39/39 MP: 6/6
  2931 | D:4      | Reached skill level 5 in Fighting
  3230 | D:4      | Reached XP level 7. HP: 41/44 MP: 7/7
  3426 | D:4      | Reached **** piety under Trog
  3441 | D:4      | Found Tirut's General Store.
  3459 | D:4      | Bought a +0 war axe of flaming for 99 gold pieces
  3699 | D:5      | Entered Level 5 of the Dungeon
  4141 | D:5      | Noticed Blork the orc
  4151 | D:5      | Killed Blork the orc
  4151 | D:5      | Reached skill level 5 in Armour
  4340 | D:5      | Reached XP level 8. HP: 29/51 MP: 8/8
  4507 | D:5      | Found a sacrificial altar of Ru.
  4507 | D:5      | Found a basalt altar of Yredelemnul.
  4512 | D:5      | Found a hazy altar of Hepliaklqana.
  4514 | D:5      | Found a snail-covered altar of Cheibriados.
  4515 | D:5      | Found a shattered altar of Ashenzari.
  4894 | D:6      | Reached skill level 5 in Axes
  5541 | D:6      | Noticed a water elemental
  5543 | D:6      | Found a stormy altar of Qazlal.
  5544 | D:6      | Noticed an air elemental
  5846 | D:6      | Found a glowing silver altar of Zin.
  5955 | D:7      | Reached XP level 9. HP: 55/57 MP: 9/9
  6009 | D:7      | Reached skill level 5 in Dodging
  6195 | D:7      | Found a runed translucent gate.
  6197 | D:7      | Found a runed translucent gate.
  6199 | D:7      | Found a runed translucent gate.
  6210 | D:7      | Noticed lampshaded's ghost (novice MiFi)
  6273 | D:7      | Found a staircase to the Ecumenical Temple.
  6379 | Temple   | Entered the Ecumenical Temple
  6430 | D:7      | Killed lampshaded's ghost
  6566 | D:7      | Received a gift from Trog
  7115 | D:8      | Reached XP level 10. HP: 64/64 MP: 10/10
  7574 | D:8      | Killed from afar by an orc priest

Levels and vault maps discovered:
D:1:      dpeg_arrival_simpleton_a, layout_basic, minmay_crystal_room,
          nrook_campfire
D:2:      cheibrodos_greedy_goblins, layout_loops_ring, uniq_terence
D:3:      layout_rooms
D:4:      layout_cave_pools, serial_shops, shop
D:5:      layout_basic, chequers_temple_overflow_minitemple, first_ration,
          uniq_blork_the_orc
D:6:      layout_loops_ring, nicolae_qazlal_style_of_elements, zin_scriptorium
D:7:      layout_basic, temple_doors_cd, gammafunk_ghost_split,
          grunt_decor_resistance, grunt_ogre_cave, grunt_ministairs_2,
          hangedman_decor_opposing, kennysheep_big_empty_room
D:8:      layout_rooms, serial_ice, serial_ice_j, serial_ice_d, serial_ice_n,
          serial_ice_c
Temple:   eino_temple_lava

Skill      XL: |  1  2  3  4  5  6  7  8  9 10 |
---------------+-------------------------------+-----
Axes           | 3 4 5 6 7 |  7.1
Dodging        | 2 3 4 6 |  6.2
Fighting       | 4 5 7 8 |  8.7
Armour         | 3 4 5 6 7 8 |  8.1

Action                   |  1- 3 |  4- 6 |  7- 9 | 10-12 || total
-------------------------+-------+-------+-------+-------++-------
Melee: Hand axe          |    96 |   249 |    16 |       ||   361
       War axe           |       |       |   380 |    80 ||   460
Invok: Berserk           |     2 |     4 |     7 |     1 ||    14
       Trog's Hand       |       |       |     4 |       ||     4
       Brothers in Arms  |       |       |     2 |       ||     2
  Eat: Chunk             |     2 |    11 |    23 |    16 ||    52
Armor: Animal skin       |    50 |   107 |     1 |       ||   158
       Chain mail        |       |       |   152 |       ||   152
       Plate armour      |       |       |   153 |    94 ||   247
Dodge: Dodged            |    86 |   217 |   190 |    53 ||   546
